 Dungeon Crawl Stone Soup version 0.30-a0-1157-g2cc9ac7196 (webtiles) character file.

Game seed: 4122215547464899485

55 Sobieck the Trooper (level 3, -4/37 HPs)
             Began as a Troll Fighter on Apr 24, 2023.
             Slain by an orc
             ... wielding a +1 falchion of distortion
              (6 damage)
             ... on level 3 of the Dungeon.
             The game lasted 00:02:46 (1195 turns).

Sobieck the Trooper (Troll Fighter)                 Turns: 1195, Time: 00:02:46

Health: -4/37      AC:  4    Str: 26    XL:     3   Next: 67%
Magic:  2/2        EV:  8    Int:  4    God:
Gold:   62         SH:  7    Dex:  9    Spells: 2/2 levels left

rFire   . .          .
                       - Unarmed
rCold   . . .        b - +0 kite shield
rNeg    . . .        a - +0 robe
rPois   +            (helmet restricted)
rElec   .            (no cloak)
rCorr   .            (gloves unavailable)
SInv    .            (boots unavailable)
Will    .....        (no amulet)
Stlth   +            F - ring of poison resistance
HPRegen 1.06/turn    (no ring)
MPRegen 0.08/turn

%: no passive effects
@: no status effects
A: large, unfitting armour, claws 3, regeneration 1, shaggy fur 1, tough skin 1
a: no special abilities


You were on level 3 of the Dungeon.
You visited 1 branch of the dungeon, and saw 3 of its levels.

You collected 118 gold pieces.
You spent 56 gold pieces at shops.


Innate Abilities, Weirdness & Mutations

You are too large for most types of armour.
You have claws for hands.
Your natural rate of healing is unusually fast.
You are covered in fur. (AC +1)
You have tough skin. (AC +1)


   Skills:
 + Level 3.2 Fighting
 - Level 2.4 Dodging
 - Level 2.6 Shields
 + Level 3.2 Unarmed Combat


You had 2 spell levels left.
You didn't know any spells.
Your spell library was empty.

Inventory:

Hand Weapons
 g - a +0 short sword {short}
   (You took it off a kobold on level 1 of the Dungeon)
 k - a +0 club {mace}
   (You found it on level 1 of the Dungeon)
 m - a +0 dagger {short}
   (You took it off a kobold on level 1 of the Dungeon)
 n - a +0 club {mace}
   (You found it on level 1 of the Dungeon)
 p - a +0 club {mace}
   (You took it off a goblin on level 1 of the Dungeon)
 r - a +0 club {mace}
   (You took it off a goblin on level 1 of the Dungeon)
 s - a +0 dagger {short}
   (You took it off a goblin on level 1 of the Dungeon)
 u - a +0 whip {mace}
   (You took it off a kobold on level 1 of the Dungeon)
Missiles
 f - 30 stones (quivered) {throwing}
 B - 6 javelins {throwing}
 E - 4 atropa-tipped darts {throwing}
Armour
 a - a +0 robe (worn)
 b - a +0 kite shield (worn)
 i - a +0 robe
   (You found it on level 1 of the Dungeon)
 z - a +0 robe
   (You found it on level 2 of the Dungeon)
Magical Staves
 l - a staff of poison {!astaff}
   (You found it on level 1 of the Dungeon)
Jewellery
 F - a ring of poison resistance (left claw)
   (You found it on level 2 of the Dungeon)
Scrolls
 d - 4 scrolls of identify {unknown}
 h - 2 scrolls of poison {unknown}
 o - a scroll of blinking {unknown}
 w - a scroll of noise {!r}
 x - a scroll of teleportation {@r4}
 y - a scroll of fog {unknown}
 A - a scroll of immolation {unknown}
 C - a scroll of vulnerability {unknown}
Potions
 c - a potion of might
 e - a potion of attraction {unknown}
 j - a potion of ambrosia {unknown}
 q - a potion of invisibility {unknown}
 t - a potion of brilliance {unknown}
 v - a potion of curing {unknown}
 D - a potion of heal wounds {unknown}

Dungeon Overview and Level Annotations

Branches:
Dungeon (3/15) Zot: 16797

Altars:

Shops:
D:1

* . ### .#
..##.##
#.....
#######..##
#........)#
#...<.....#
#......o{o+
#......o@o#
#....[....#
#.........#
#.........#
#.........#
#.........#
#.........#
###########


You could see 4 orcs.


Message History

No target in view!
No target in view!
D - a bubbling emerald potion You see here a giant cockroach corpse.
A ball python comes into view.
Danger!
The ball python hisses angrily.
The ball python bites you but does no damage.
You scratch the ball python.
You kill the ball python!
No target in view!
E - 4 atropa-tipped darts {throwing} You see here a giant cockroach corpse.
Found a stone staircase leading up.
Unknown command.
You now have 57 gold pieces (gained 15).
Found a stone staircase leading down.
Unknown command.
A rat comes into view.
Danger!
The rat bites you but does no damage.
There is a stone staircase leading down here.
You scratch the rat.
You kill the rat!
No target in view!
No target in view!
You see here a rat corpse.
f - 30 stones {throwing} (gained 4)
F - a ring of poison resistance
F - a ring of poison resistance (left claw)
Things that are here:
a +0 dagger {short}; a hobgoblin skeleton A rat comes into view.
The rat moves out of view.
Unknown command.
Danger!
You block the rat's attack.
You barely miss the rat. The rat bites you.
You scratch the rat but do no damage. The rat bites you but does no damage.
You claw the rat!
You kill the rat!
No target in view!
No target in view!
You now have 62 gold pieces (gained 5).
You see here a giant cockroach corpse.
Done exploring.
Done exploring.
(D) Dungeon
Where to? (Enter - D:2, ? - help)
There is a stone staircase leading down here.
You climb downwards.
The orc shouts!
The orc wizard shouts!
You hear a shout!
There is a stone staircase leading up here.
There are monsters nearby!
Danger!
Unknown command.
The orc wizard points at you and mumbles some strange words.
You are confused.
An orc comes into view.
It is wielding a +1 falchion of distortion.
An orc comes into view. It is wielding a +0 falchion.
The orc wizard casts a spell at you. You resist with significant effort.
Unknown command.
The orc wizard points at you and mumbles some strange words.
The puff of flame hits you.
Unknown command.
You're too confused to move!
Unknown command.
You feel less confused.
Unknown command.
Unknown command.
You closely miss the orc wizard. The orc wizard barely misses you.
You scratch the orc wizard. You block the orc wizard's attack.
An orc comes into view. It is wielding a +0 club.
Unknown command.
The orc shouts!
You scratch the orc wizard.
The orc wizard casts a spell.
The orc wizard flickers and vanishes!
Deactivating autopickup; reactivate with Ctrl-A.
The orc hits you with a +0 club. You block the orc's attack.
You claw something!
You hear some strange, mumbled words.
A puff of flame appears from out of thin air!
You block the puff of flame. The orc hits you but does no damage.
You block the orc's attack.
Unknown command.
You scratch the orc but do no damage. Something hits you.
The orc barely misses you. You block the orc's attack.
You scratch the orc. Something hits you.
The orc hits you with a +1 falchion of distortion.
Space warps horribly around you!!
Ouch! That really hurt!
* * * LOW HITPOINT WARNING * * *
The orc hits you but does no damage. The orc hits you with a +0 falchion.
* * * LOW HITPOINT WARNING * * *
You barely miss the orc. Something hits you.
* * * LOW HITPOINT WARNING * * *
The orc closely misses you.
The orc hits you with a +1 falchion of distortion.
You die...

Skill      XL: |  1  2  3 |
---------------+----------+-----
Fighting       | 3 |  3.2
Unarmed Combat | 3 |  3.2
Dodging        | |  2.4
Shields        | |  2.6

Action                     || total
---------------------------++-------
  Melee: Unarmed           ||    98
 Armour: Robe              ||    22
  Dodge: Dodged            ||    22
  Block: Kite shield       ||    34

Levels and vault maps discovered:
D:1:      dpeg_arrival_connections, layout_loops_ring, serial_shops, shop,
          hellmonk_ecumenical_altar_leap_of_faith
D:2:      layout_rooms, minmay_pentomino_z4
D:3:      layout_basic, serial_shops, shop, kennysheep_small_spiral,
          chequers_garden, uniq_grinder, uniq_robin

Notes
Turn   | Place    | Note
-------+----------+-------------------------------------------
     0 | D:1      | Sobieck the Troll Fighter began the quest for the Orb.
     0 | D:1      | Reached XP level 1. HP: 22/22 MP: 0/0
   115 | D:1      | Reached XP level 2. HP: 29/29 MP: 1/1
   149 | D:1      | Found Nemmacan's General Store.
   539 | D:1      | Found a faded altar of an unknown god.
   610 | D:1      | Reached skill level 3 in Fighting
   695 | D:1      | Bought a scroll of noise for 14 gold pieces
   695 | D:1      | Bought a scroll of teleportation for 42 gold pieces
   781 | D:2      | Reached XP level 3. HP: 37/37 MP: 2/2
   812 | D:2      | Reached skill level 3 in Unarmed Combat
  1194 | D:3      | HP: 6/37 [orc/+1 falchion of distortion (24)]
  1194 | D:3      | HP: 2/37 [orc/+0 falchion (4)]
  1195 | D:3      | Slain by an orc

Vanquished Creatures
  3 worms (D:2)
  3 dart slugs
  3 ball pythons
  2 bats
  4 endoplasms (D:1)
  2 giant cockroaches
  5 hobgoblins
  4 kobolds
  A frilled lizard (D:2)
  5 goblins
  4 rats (D:2)
36 creatures vanquished.

Table legend:
 A = Non-vault XP
 B = Vault XP
 C = Vault XP percentage of total XP
 D = Non-vault monster count
 E = Vault monster count
 F = Vault count percentage of total count
                 A         B        C        D         E       F
            +---------+---------+-------+---------+---------+-------
      Total |      76 |       3 |   3.8 |      34 |       2 |   5.6
            +---------+---------+-------+---------+---------+-------
        D:1 |      38 |       0 |   0.0 |      18 |       0 |   0.0
        D:2 |      38 |       3 |   7.3 |      16 |       2 |  11.1
            +---------+---------+-------+---------+---------+-------

Skill      XL: |  1  2  3 |
---------------+----------+-----
Fighting       | 3 |  3.2
Unarmed Combat | 3 |  3.2
Dodging        | |  2.4
Shields        | |  2.6

Action                     || total
---------------------------++-------
  Melee: Unarmed           ||    98
 Armour: Robe              ||    22
  Dodge: Dodged            ||    22
  Block: Kite shield       ||    34

Illustrated notes

Table legend:
 A = Kills in this place as a percentage of kills in the entire game.
 B = Kills by you in this place as a percentage of kills by you in the entire game.
 C = Kills by friends in this place as a percentage of kills by friends in the entire game.
 D = Other kills in this place as a percentage of other kills in the entire game.
 E = Experience gained in this place as a percentage of experience gained in the entire game.
 F = Experience gained in this place divided by the number of levels of this place that you have seen.
                   A       B       C       D       E      F
               +-------+-------+-------+-------+-------+----------------------
         Total | 100.0 | 100.0 |   N/A |   N/A | 100.0 |  26.3
       Dungeon | 100.0 | 100.0 |   N/A |   N/A | 100.0 |  26.3
               +-------+-------+-------+-------+-------+----------------------

Table legend: (Time is in decaauts)
 A = Elapsed time spent in this place.
 B = Non-inter-level travel time spent in this place.
 C = Inter-level travel time spent in this place.
 D = Time resting spent in this place.
 E = Time spent auto-exploring this place.
 F = Levels seen in this place.
 G = Mean time per level.
                   A        B        C        D        E       F      G
               +--------+--------+--------+--------+--------+-----+--------+
         Total |   1201 |   1125 |     76 |      0 |    888 |   3 |  400.3 |
       Dungeon |   1201 |   1125 |     76 |      0 |    888 |   3 |  400.3 |
               +--------+--------+--------+--------+--------+-----+--------+

Top non-repeatable levels by time:
     D:1: 775 daAuts
     D:2: 410 daAuts
     D:3: 15 daAuts
